 Dungeon Crawl Stone Soup version 0.30.0-20-g3b4254fcbd (webtiles) character file.

Game seed: 9999522595837979336

37 Graphine the Ducker (level 3, -1/28 HPs)
             Began as a Merfolk Gladiator on June 2, 2023.
             Slain by a goblin
             ... wielding a +0 club
             ... led by Robin
              (6 damage)
             ... on level 2 of the Dungeon.
             The game lasted 00:01:41 (602 turns).

Graphine the Ducker (Merfolk Gladiator)              Turns: 602, Time: 00:01:41

Health: -1/28      AC:  4    Str: 14    XL:     3   Next: 41%
Magic:  3/3        EV: 13    Int:  7    God:
Gold:   58         SH:  4    Dex: 17    Spells: 2/2 levels left

rFire   . . .        a - +0 long sword (drain)
rCold   . . .        l - +0 buckler
rNeg    . . .        b - +0 leather armour
rPois   .            c - +0 helmet
rElec   .            (no cloak)
rCorr   .            (no gloves)
SInv    .            (no boots)
Will    .....        (no amulet)
Stlth   +            (no ring)
HPRegen 0.24/turn    (no ring)
MPRegen 0.08/turn

%: no passive effects
@: no status effects
A: (nimble swimmer 2), mertail
a: no special abilities


You were on level 2 of the Dungeon.
You visited 1 branch of the dungeon, and saw 2 of its levels.

You collected 58 gold pieces.

Inventory:

Hand Weapons
 a - a +0 long sword of draining (weapon)
Missiles
 d - 3 throwing nets (quivered)
 e - a javelin
Armour
 b - a +0 leather armour (worn)
 c - a +0 helmet (worn)
 l - a +0 buckler (worn)
Scrolls
 i - a scroll of teleportation
Potions
 g - a potion of might {unknown}
 h - a potion of cancellation {unknown}
 m - a potion of ambrosia {unknown}


   Skills:
 * Level 2.9 Fighting
 * Level 4.2 Long Blades
 - Level 2.0 Throwing
 * Level 4.7 Dodging
 + Level 0.1 Shields


You had 2 spell levels left.
You didn't know any spells.
Your spell library was empty.

Dungeon Overview and Level Annotations

Branches:
Dungeon (2/15)

Altars:

Annotations:
D:2 Robin


Innate Abilities, Weirdness & Mutations

((You are very nimble when in or above water. (Stealth+, EV+, Speed+++)))
Your lower body shifts to a powerful aquatic tail in water.


Message History

The endoplasm hits you but does no damage.
You slash the endoplasm!
You kill the endoplasm!
A goblin comes into view. It is wielding a +0 club.
The hobgoblin hits you. The worm barely misses you.
The hobgoblin barely misses you.
You hit the hobgoblin but do no damage. You block the hobgoblin's attack.
You slash the hobgoblin!
You kill the hobgoblin!
You slash the worm!
The worm is heavily wounded.
The worm bites you!
* * * LOW HITPOINT WARNING * * *
You feel much better. Robin throws the goblin at you!
You hit the worm.
The worm is severely wounded.
The goblin unwields a +0 sling.
The goblin wields a +0 club.
The goblin hits you with a +0 club. The worm bites you!
The goblin barely misses you.
You hit the worm but do no damage. You drain the worm.
The worm is severely wounded.
Robin throws the goblin at you! The goblin hits you but does no damage.
The worm bites you.
* * * LOW HITPOINT WARNING * * *
The goblin barely misses you.
Okay, then.
Sorry, you're not good enough to have a special ability.
Okay, then.
You slash the worm!
You kill the worm!
A goblin comes into view. It is wielding a +0 dagger.
The goblin hits you with a +0 dagger.
* * * LOW HITPOINT WARNING * * *
You block the goblin's attack.
You hit Robin.
Robin is moderately wounded.
Robin roars a battlecry!
The goblins go into a battle-frenzy!
The goblin closely misses you. The goblin hits you with a +0 club.
You die...

# #...$#
###.##### ...
#....#
######.#
.K..#..g.#
##......#
..g.'..Kg#
###..######
#.gg#####...##
###)##....###
#..>.##..#
#Kg#####.#
##gg@g...#
###g###.#
#.###.#
#.###.#
#.......
#.#####.. ..#
# .##


You could see Robin, 4 goblins and a kobold.

Vanquished Creatures
  A worm (D:2)
  A dart slug (D:1)
  2 bats (D:1)
  6 endoplasms
  3 giant cockroaches (D:1)
  3 goblins (D:2)
  4 hobgoblins
  A quokka (D:1)
  4 kobolds (D:1)
  3 rats (D:1)
28 creatures vanquished.

Notes
Turn   | Place    | Note
-------+----------+-------------------------------------------
     0 | D:1      | Graphine the Merfolk Gladiator began the quest for the Orb.
     0 | D:1      | Reached XP level 1. HP: 16/16 MP: 1/1
   110 | D:1      | Reached XP level 2. HP: 23/23 MP: 2/2
   470 | D:2      | Reached XP level 3. HP: 28/28 MP: 3/3
   578 | D:2      | Noticed Robin
   602 | D:2      | Slain by a goblin

Illustrated notes

Levels and vault maps discovered:
D:1:      saegor_arrival_simple_d, layout_rooms
D:2:      minmay_chambers_of_ones, layout_basic, basic_altar,
          minmay_misc_feat_encased, uniq_robin

Skill      XL: |  1  2 |
---------------+-------+-----
Long Blades    | 4 |  4.2
Fighting       | |  2.9
Throwing       | |  2.0
Dodging        | |  4.7
Shields        | |  0.1

Action                     || total
---------------------------++-------
  Melee: Long sword        ||    64
         Punch             ||     1
    Use: Scroll            ||     3
         Potion            ||     1
   Stab: Sleeping          ||     1
         Distracted        ||     1
 Armour: Leather armour    ||    17
  Dodge: Dodged            ||    47
  Block: Buckler           ||     5
